Map: Ascension to Aiur LE

Players

ShoWTimE - Winner!

  • Race: Protoss Protoss
  • Spawn Location: 11:00

Rote

  • Race: Terran Terran
  • Spawn Location: 5:00

Event: WCS Valencia 2017

VOD

Have the link to the VOD?

Description

Time

  • Played on: July 13, 2017, 6:24 a.m.
  • Length: 11:17

All games in this series

Show
View Real Time Build Order
Export as new Build Order

ShoWTimE Protoss - Winner!

Build Orders: 1 Gate Expand, Oracle Opening 

Get SALT Encoding   

  12  0:00  Probe (Chrono Boost)  
  13  0:11  Probe (Chrono Boost)  
  14  0:17  Pylon  
  14  0:22  Probe (Chrono Boost)  
  15  0:35  Probe (Chrono Boost)  
  16  0:36  Gateway  
  16  0:43  Assimilator  
  16  0:46  Probe (Chrono Boost)  
  17  0:56  Probe (Chrono Boost)  
  18  1:07  Probe (Chrono Boost)  
  19  1:20  Nexus  
  19  1:30  Cybernetics Core  
  19  1:35  Probe (Chrono Boost)  
  19  1:39  Assimilator  
  20  1:45  Probe (Chrono Boost)  
  21  1:50  Pylon  
  21  1:56  Probe (Chrono Boost)  
  22  2:06  Probe (Chrono Boost)  
  23  2:09  Adept (Chrono Boost)  
  25  2:15  Stargate  
  25  2:18  Probe  
  26  2:23  Warp Gate  
  25  2:30  Probe x2  
  25  2:36  Adept (Chrono Boost)  
  29  2:41  Probe  
  29  2:42  Probe  
  31  2:51  Probe  
  31  2:54  Probe  
  31  2:55  Oracle (Chrono Boost)  
  33  3:03  Probe  
  37  3:06  Probe  
  37  3:07  Adept (Chrono Boost)  
  40  3:14  Pylon  
  40  3:15  Probe  
  40  3:18  Probe  
  42  3:27  Probe (Chrono Boost)  
  42  3:29  Gateway  
  42  3:31  Gateway  
  44  3:34  Probe (Chrono Boost)  
  44  3:38  Oracle  
  47  3:41  Probe (Chrono Boost)  
  47  3:45  Probe (Chrono Boost)  
  49  3:52  Probe (Chrono Boost)  
  50  4:01  Nexus  
  47  4:05  Pylon  
  47  4:06  Probe (Chrono Boost)  
  47  4:08  Probe (Chrono Boost)  
  49  4:17  Assimilator  
  49  4:18  Probe (Chrono Boost)  
  49  4:19  Mothership Core (Chrono Boost)  
  49  4:22  Assimilator  
  49  4:23  Phoenix (Chrono Boost)  
  54  4:27  Pylon  
  54  4:29  Probe (Chrono Boost)  
  55  4:35  Probe (Chrono Boost)  
  56  4:39  Probe  
  57  4:46  Probe  
  57  4:52  Probe  
  59  4:57  Probe  
  60  5:00  Twilight Council  
  60  5:02  Forge  
  60  5:03  Phoenix (Chrono Boost)  
  60  5:04  Probe  
  63  5:07  Probe  
  63  5:12  Probe, Robotics Facility  
  65  5:16  Probe  
  65  5:18  Probe  
  65  5:19  Sentry  
  65  5:20  Sentry  
  71  5:22  Probe, Protoss Ground Weapons Level 1  
  71  5:24  Pylon  
  71  5:27  Resonating Glaives (Chrono Boost)  
  71  5:28  Probe  
  73  5:29  Probe  
  73  5:33  Probe  
  75  5:40  Probe  
  75  5:41  Probe  
  77  5:42  Gateway  
  77  5:43  Probe  
  77  5:47  Gateway  
  78  5:52  Probe  
  78  5:53  Probe  
  78  5:55  Probe, Gateway  
  81  5:59  Assimilator  
  81  6:00  Assimilator  
  81  6:01  Observer (Chrono Boost), Pylon  
  82  6:04  Probe  
  82  6:05  Probe  
  82  6:08  Pylon, Probe  
  85  6:16  Probe  
  86  6:18  Gateway  
  86  6:19  Gateway  
  86  6:21  Pylon  
  86  6:22  Pylon  
  86  6:23  Warp Prism (Chrono Boost)  
  88  6:26  Adept x3  
  94  6:33  Pylon  
  94  6:38  Robotics Bay  
  94  6:40  Robotics Facility  
  94  6:41  Pylon  
  94  6:50  Adept x4  
  103  6:54  Observer (Chrono Boost)  
  103  7:01  Nexus  
  103  7:02  Blink  
  103  7:08  Protoss Ground Armor Level 1 (Chrono Boost)  
  103  7:12  Pylon  
  103  7:16  Pylon  
  103  7:21  Stalker x4  
  111  7:28  Colossus (Chrono Boost)  
  123  7:37  Colossus (Chrono Boost)  
  123  7:42  Adept x4  
  123  7:51  Adept x3  
  123  7:56  Extended Thermal Lance (Chrono Boost)  
  121  7:59  Forge, Probe x3  
  121  8:03  Adept  
  122  8:15  Adept x3  
  122  8:16  Adept  
  122  8:18  Colossus  
  130  8:23  Colossus  
  130  8:24  Probe  
  137  8:31  Pylon  
  143  8:35  Adept x2  
  147  8:45  Pylon  
  147  8:46  Adept x3  
  147  8:47  Adept  
  155  8:48  Protoss Ground Weapons Level 2 (Chrono Boost)  
  155  8:53  Assimilator  
  155  8:55  Assimilator  
  155  8:59  Probe x2  
  155  9:01  Pylon  
  157  9:04  Protoss Ground Armor Level 2 (Chrono Boost)  
  157  9:05  Adept x2  
  161  9:10  Immortal  
  165  9:18  Immortal  
  169  9:31  Adept x4  
  177  9:35  Adept x4, Dark Shrine  
  185  9:55  Stalker x2  
  185  9:56  Stalker x3  
  195  10:02  Stalker  
  193  10:10  Stalker  
  193  10:11  Stalker  
  191  10:14  Warp Prism  
  191  10:15  Pylon  
  191  10:23  Pylon  
  191  10:26  Stalker x2, Templar Archives  
  195  10:53  Stalker  
  195  10:54  Stalker  
  193  11:11  Adept x3  
Show
View Real Time Build Order
Export as new Build Order

Rote Terran 

Build Orders: Reaper Expand, MMM Bio 

Get SALT Encoding   

  12  0:00  SCV  
  13  0:12  SCV  
  14  0:17  Supply Depot  
  14  0:25  SCV  
  14  0:28  Refinery  
  15  0:38  SCV  
  16  0:45  Barracks  
  16  0:51  SCV  
  17  1:03  SCV  
  18  1:15  SCV  
  19  1:32  Reaper  
  19  1:33  Orbital Command  
  20  1:47  Command Center  
  20  2:00  SCV  
  21  2:04  Factory  
  21  2:08  Barracks Reactor  
  21  2:13  SCV  
  22  2:18  Refinery  
  22  2:22  Supply Depot  
  22  2:25  SCV  
  23  2:44  SCV, Marine x2  
  23  2:50  Starport  
  26  2:53  Widow Mine  
  26  2:56  SCV  
  29  3:05  Marine  
  29  3:06  Marine  
  29  3:08  Orbital Command  
  31  3:15  SCV  
  32  3:21  Widow Mine  
  34  3:27  SCV, Viking  
  34  3:33  SCV  
  38  3:34  Marine x2  
  38  3:39  SCV  
  41  3:44  Supply Depot  
  41  3:45  SCV  
  42  3:51  SCV  
  43  4:01  SCV  
  43  4:02  Marine x2  
  44  4:05  SCV  
  47  4:16  SCV  
  47  4:19  Command Center  
  47  4:20  SCV  
  48  4:25  Marine x2, Supply Depot  
  48  4:27  Factory Tech Lab  
  48  4:28  SCV  
  51  4:33  SCV  
  52  4:40  SCV  
  52  4:45  Marine  
  54  4:47  Marine, SCV  
  54  4:49  Barracks, Starport Reactor  
  54  4:51  Barracks  
  53  4:57  SCV  
  53  4:59  Factory Tech Lab  
  54  5:05  Supply Depot  
  54  5:10  Marine x2  
  54  5:13  SCV x2  
  58  5:20  Engineering Bay  
  58  5:22  Engineering Bay, Refinery  
  58  5:23  Refinery  
  58  5:25  SCV x2, Factory Reactor  
  58  5:26  Medivac  
  58  5:27  Medivac  
  64  5:29  Supply Depot  
  64  5:34  Supply Depot  
  64  5:36  Marine  
  64  5:37  SCV, Marine  
  67  5:51  SCV x2  
  67  5:53  Supply Depot  
  67  5:55  Stimpack, Combat Shields  
  67  5:56  Marine x4  
  73  6:07  Terran Infantry Armor Level 1, Terran Infantry Weapons Level 1  
  73  6:10  SCV x2  
  75  6:15  Marauder x2, Marine x2  
  81  6:20  Supply Depot  
  81  6:22  SCV  
  81  6:23  Medivac x2  
  81  6:24  SCV  
  87  6:28  Orbital Command  
  87  6:34  SCV  
  87  6:35  Widow Mine x2  
  87  6:36  SCV  
  93  6:46  SCV  
  96  6:47  Marauder  
  96  6:48  Barracks x2  
  96  6:54  Marine  
  96  6:55  Marauder, Marine  
  100  7:08  Marauder, Widow Mine x2  
  102  7:11  Viking x2  
  102  7:12  SCV x2  
  110  7:27  Marine x2  
  112  7:30  SCV x2, Orbital Command  
  112  7:34  Armory  
  114  7:42  SCV x2  
  102  8:01  Viking x2  
  102  8:02  SCV x2  
  108  8:06  SCV  
  108  8:11  Barracks Reactor, Barracks Tech Lab  
  109  8:14  SCV  
  110  8:23  Terran Infantry Armor Level 2, Terran Infantry Weapons Level 2  
  110  8:26  SCV x2  
  112  8:27  SCV  
  112  8:30  Marauder x2, Bunker  
  117  8:46  Starport, Supply Depot  
  117  8:47  Supply Depot x3  
  117  8:51  Supply Depot  
  117  8:56  SCV  
  117  8:57  SCV  
  117  9:07  Marine x3  
  117  9:08  Marauder x2, SCV, Supply Depot  
  117  9:09  Marauder, Marine, SCV x2, Viking x2  
  133  9:20  SCV  
  133  9:21  SCV x2  
  127  9:25  Viking x2  
  131  9:32  SCV  
  131  9:34  Marine x3  
  131  9:35  Marauder x2, Marine x2  
  141  9:39  Viking x2  
  145  9:46  SCV, Supply Depot  
  145  9:47  SCV, Supply Depot  
  145  9:48  Refinery x2  
  145  9:50  Command Center  
  140  10:09  Marauder x3, Marine x4  
  147  10:18  SCV x3  
  150  10:30  Marauder x2  
  150  10:31  SCV x2  
  150  10:32  SCV  
  153  10:43  SCV  
  153  10:44  SCV  
  147  10:55  SCV  
Tags
 
Add a new tag
Caveats
  • Supply blocks, unpowered buildings, or Contaminate may cause inaccurate times.
  • Supply counts are checked every 10 seconds.